 Dungeon Crawl Stone Soup version 0.31-a0-859-g9dce7d3444 (webtiles) character file.

Game seed: 2311566013509696458

2928 BinkBink the Skirmisher (level 9, -4/41 HPs)
             Began as a Spriggan Hunter on Oct 10, 2023.
             Was a Follower of Qazlal.
             Killed from afar by Erica (14 damage)
             ... with a bolt of poison
             ... on level 8 of the Dungeon.
             The game lasted 00:19:02 (6590 turns).

BinkBink the Skirmisher (Spriggan Hunter)           Turns: 6590, Time: 00:19:02

Health: -4/41      AC:  2    Str:  7    XL:     9   Next: 50%
Magic:  10/10      EV: 21    Int: 11    God:    Qazlal [*.....]
Gold:   394        SH:  2    Dex: 22    Spells: 8/8 levels left

rFire   . . .        v - +2 arbalest (elec)
rCold   . . .        (shield currently unavailable)
rNeg    . . .        c - +0 robe
rPois   .            (helmet currently unavailable)
rElec   .            g - melded +1 cloak
rCorr   .            (gloves unavailable)
SInv    +            (boots unavailable)
Will    +....        (no amulet)
Stlth   ++           (no ring)
HPRegen 0.26/turn    (no ring)
MPRegen 0.12/turn

%: no passive effects
@: lethally poisoned (-4 -> -23), beast-form, marked, very quick
A: beast (slay +4), very small, no large weapons, unfitting armour, see
invisible, speed 3
a: Begin Untransformation, Renounce Religion


You were on level 8 of the Dungeon.
You worshipped Qazlal.
Qazlal was aware of your devotion.
You were a hulking beast.
You visited 2 branches of the dungeon, and saw 9 of its levels.
You also visited: Ossuary.

You collected 473 gold pieces.
You spent 79 gold pieces at shops.

Inventory:

Hand Weapons
 a - a +0 shortbow
 v - a +2 arbalest of electrocution (weapon)
Missiles
 k - 2 throwing nets
Armour
 c - a +0 robe (worn)
 g - a +1 cloak (melded)
Jewellery
 p - a ring of ice
Talismans
 f - a beast talisman (active)
Wands
 o - a wand of acid (7)
 q - a wand of iceblast (9)
 r - a wand of flame (22)
 x - a wand of mindburst (12)
Scrolls
 b - 3 scrolls of butterflies
 d - 4 scrolls of fear
 h - 3 scrolls of poison
 j - 2 scrolls of vulnerability
 n - 2 scrolls of enchant armour
 u - a scroll of revelation
 y - a scroll of blinking
 A - 2 scrolls of immolation
Potions
 e - 4 potions of curing
 i - 4 potions of enlightenment
 l - a potion of magic
 m - 6 potions of mutation
 s - 4 potions of lignification
 t - 3 potions of brilliance
 w - 3 potions of haste
 z - 2 potions of might
 B - a potion of ambrosia


   Skills:
 - Level 1.5 Fighting
 + Level 11.9 Ranged Weapons
 + Level 5.6 Dodging
 - Level 1.5 Stealth
 - Level 7.0 Shapeshifting


You had 8 spell levels left.
You didn't know any spells.
Your spell library contained the following spells:

 Spells                   Type           Power      Damage    Failure   Level
 Magic Dart               Conj           0%         1d3       34%         1
 Blink                    Tloc           0%         N/A       47%         2
 Lesser Beckoning         Tloc           0%         N/A       47%         2
 Momentum Strike          Conj/Tloc      0%         3d8       47%         2
 Searing Ray              Conj           0%         2d4       47%         2
 Gell's Gravitas          Tloc           0%         N/A       71%         3
 Ozocubu's Armour         Ice            0%         N/A       71%         3
 Teleport Other           Tloc           0%         N/A       71%         3
 Fulminant Prism          Conj/Hex       0%         3d5       98%         4
 Metabolic Englaciation   Hex/Ice        0%         N/A       100%        5
 Dispersal                Tloc           0%         N/A       100%        6
 Simulacrum               Ice/Necr       0%         N/A       100%        6


Dungeon Overview and Level Annotations

Branches:
Dungeon (8/15)             Temple (1/1) D:5         Ossuary (visited)
   Lair: D:8-11

Altars:
Ashenzari
Cheibriados
Dithmenos
Elyvilon
Gozag
Makhleb
Nemelex Xobeh
Okawaru
Qazlal
Ru
Sif Muna
Trog
Uskayaw
Vehumet
Wu Jian
Xom
Yredelemnul
Zin
The Shining One

Shops:
D:1 (?[(   D:4 (   D:7 *

Annotations:
D:8 Erica


Innate Abilities, Weirdness & Mutations

You are a hulking beast.
Your limbs bulge with bestial killing power. (Slay +4)
You are very small and have problems with some larger weapons.
You are too small for most types of armour.
You have supernaturally acute eyesight. (SInv)
You cover ground extremely quickly. (Speed+++)


Message History

Found a stone staircase leading down.
A malevolent force fills the Dungeon...
With a horrendous wail, an alarm goes off!
A sentinel's mark forms upon you.
You hear an angry growl.
You hear a shout! x3; You hear an angry hiss.
You hear a loud, deep croak!
You hear an angry buzzing noise.
You hear an angry hiss.
You hear an angry growl.
You hear an angry buzzing noise.
You hear a shout!
You hear a roar!
A black bear comes into view.
You shoot a bolt. The bolt barely misses the black bear.
You shoot a bolt. The bolt hits the black bear!!
The black bear is severely wounded.
You shoot a bolt. The bolt barely misses the black bear.
You shoot a bolt. The bolt hits the black bear!
The black bear is almost dead.
You shoot a bolt. The bolt hits the black bear!
You kill the black bear!
Qazlal accepts your kill.
An orc comes into view. It is wielding a +0 club.
You shoot a bolt. The bolt closely misses the orc.
An orc comes into view.
It is wielding a +0 club. 2 orcs come into view.
Erica the Fiery-Tempered comes into view.
She is wielding a +0 scimitar of flaming.
As you read the scroll of fear, it crumbles to dust.
You assume a fearsome visage.
Erica resists with almost no effort.
The orc looks frightened! x4
Erica points at you and mumbles some strange words.
The lance of force hits you!
You are knocked back by the lance of force.
You collide with the orc!
Erica's attack snaps the orc out of its fear.
The orc dies!
* * * LOW HITPOINT WARNING * * *
A bullfrog comes into view.
Things that are here:
a +0 club; an orc corpse Erica gestures at you while chanting.
The bolt of poison hits you!
You are lethally poisoned!
You die...
Erica begins laughing uncontrollably.

.######## #..#
#....†..# #..# ##.###
#..# #....# #..# #..#.#
#..# #>.#o# #..#
#####..#.#####..#
....Foo...)...@..#
#########h#####.####.##
#.#####........
#......<.....##
##############


You could see Erica, a bullfrog and 3 orcs.

Vanquished Creatures
  Pikel (D:7)
  A wraith (D:7)
  Eustachio (D:4)
  Edmund (D:6)
  2 water moccasins
  A sky beast (D:7)
  An ice beast (D:6)
  4 black bears
  A centaur (D:6)
  2 ogres
  2 phantoms
  A scorpion (D:7)
  An orc priest (D:4)
  5 hounds
  3 jellies (D:6)
  Jessica (D:2)
  8 orc wizards
  4 iguanas
  A sleepcap (D:7)
  2 mummies (Ossuary)
  Robin (D:4)
  8 adders
  A shadow imp (D:7)
  A white imp (D:7)
  3 ufetubi
  A dart slug (D:1)
  A worm (D:2)
  14 orcs
  6 ball pythons
  9 bats
  7 endoplasms
  A giant cockroach (D:2)
  14 goblins
  14 hobgoblins
  2 jackals (D:4)
  A quokka (D:2)
  3 frilled lizards
  3 gnoll zombies (Ossuary)
  2 goblin zombies (Ossuary)
  A hobgoblin zombie (Ossuary)
  7 kobolds
  2 kobold zombies (Ossuary)
  6 rats
151 creatures vanquished.

Vanquished Creatures (others)
  An orc (D:8)
1 creature vanquished.

Grand Total: 152 creatures vanquished

Notes
Turn   | Place    | Note
-------+----------+-------------------------------------------
     0 | D:1      | BinkBink the Spriggan Hunter began the quest for the Orb.
     0 | D:1      | Reached XP level 1. HP: 10/10 MP: 2/2
    43 | D:1      | Found Aleuteorr's Antique Armour Shoppe.
    59 | D:1      | Found Wuqior's Weapon Shop.
   185 | D:1      | Found Nievveom's Magic Scroll Shoppe.
   192 | D:1      | Found Aciotine's Weapon Shop.
   209 | D:1      | Reached XP level 2. HP: 14/14 MP: 3/3
   349 | D:1      | Found a faded altar of an unknown god.
   920 | D:2      | Reached skill level 5 in Ranged Weapons
  1084 | D:2      | Reached XP level 3. HP: 18/18 MP: 4/4
  1222 | D:2      | Reached XP level 4. HP: 16/22 MP: 5/5
  1292 | D:2      | Noticed Jessica
  1694 | D:2      | Reached skill level 6 in Ranged Weapons
  2424 | D:2      | Killed Jessica
  2510 | D:3      | Reached XP level 5. HP: 25/25 MP: 6/6
  3119 | D:4      | Found Ifab's Weapon Shoppe.
  3128 | D:4      | Bought a +0 arbalest for 49 gold pieces
  3153 | D:4      | Found an opulent altar of Gozag.
  3180 | D:4      | Noticed Eustachio
  3499 | D:4      | Found a shimmering altar of Xom.
  3521 | D:4      | Noticed Robin
  3536 | D:4      | Killed Robin
  3560 | D:4      | Reached skill level 7 in Ranged Weapons
  3828 | D:4      | Killed Eustachio
  3829 | D:4      | Reached XP level 6. HP: 30/30 MP: 7/7
  3883 | D:4      | Found a shimmering blue altar of Sif Muna.
  3905 | D:4      | Reached skill level 8 in Ranged Weapons
  4215 | D:4      | Reached XP level 7. HP: 33/33 MP: 8/8
  4256 | D:5      | Entered Level 5 of the Dungeon
  4371 | D:4      | Reached skill level 9 in Ranged Weapons
  4600 | D:5      | Found a staircase to the Ecumenical Temple.
  4609 | Temple   | Entered the Ecumenical Temple
  4620 | Temple   | Became a worshipper of Qazlal Stormbringer
  4650 | D:5      | Reached skill level 1 in Shapeshifting
  4887 | D:6      | Reached XP level 8. HP: 37/37 MP: 9/9
  4898 | D:6      | Reached skill level 10 in Ranged Weapons
  5376 | D:6      | Reached skill level 5 in Shapeshifting
  5480 | D:6      | Noticed Edmund
  5524 | D:6      | Killed Edmund
  5659 | D:6      | Reached * piety under Qazlal
  5842 | D:7      | Reached skill level 11 in Ranged Weapons
  5865 | D:7      | Found Yfalyaco's CLEARANCE SALE!.
  5875 | D:7      | Bought a scroll of blinking for 30 gold pieces
  5891 | D:7      | Reached XP level 9. HP: 41/41 MP: 10/10
  5906 | D:7      | Found a sand-covered staircase.
  5915 | Ossuary  | Entered an ossuary
  6233 | D:7      | Found a white marble altar of Elyvilon.
  6273 | D:7      | Noticed Pikel
  6295 | D:7      | Killed Pikel
  6296 | D:7      | Reached skill level 5 in Dodging
  6585 | D:8      | Noticed Erica
  6590 | D:8      | Killed from afar by Erica

Illustrated notes

Levels and vault maps discovered:
D:1:      lightli_arrival_lavapool, layout_loops_ring,
          shapermc_ecumenical_altar_notcrosses, serial_shops,
          nicolae_diamond_shop, nicolae_shop_tiny_statue_garden,
          nicolae_shop_bloodbath_and_beyond, nicolae_shop_tiny_glass,
          minmay_misc_feat_x
D:2:      wad_crossroads, layout_rooms, minivault_14, amethyst_killhole,
          uniq_jessica
D:3:      layout_basic
D:4:      layout_gridville, nicolae_overflow_crystal_walls, xom_teletrap_fun,
          led_sif_book, serial_shops, shop, uniq_robin, uniq_eustachio
D:5:      layout_rooms, minmay_temple_entry_hall
D:6:      layout_basic, uniq_edmund
D:7:      layout_cave_pools, elyvilon_altar_5, enter_ossuary_1,
          nicolae_shop_clearance, uniq_pikel
D:8:      layout_loops_ring, nzn_ghost_randoct, lightli_corner_chamber,
          uniq_erica
Temple:   nicolae_temple_no_exploring_needed

Skill      XL: |  1  2  3  4  5  6  7  8  9 |
---------------+----------------------------+-----
Ranged Weapons | 5 6 7 8 9 11 | 11.9
Shapeshifting  | 2 6 7 |  7.0
Dodging        | 5 |  5.6
Fighting       | |  1.5
Stealth        | |  1.5

Action                     |  1- 3 |  4- 6 |  7- 9 || total
---------------------------+-------+-------+-------++-------
   Fire: Shortbow          |    86 |    81 |       ||   167
         Arbalest          |       |    97 |   182 ||   279
    Use: Scroll            |       |    11 |    13 ||    24
 Armour: Robe              |    15 |    39 |    18 ||    72
  Dodge: Dodged            |    33 |    62 |    57 ||   152
   Form: Beast             |       |       |     1 ||     1

Table legend: (Time is in decaauts)
 A = Elapsed time spent in this place.
 B = Non-inter-level travel time spent in this place.
 C = Inter-level travel time spent in this place.
 D = Time resting spent in this place.
 E = Time spent auto-exploring this place.
 F = Levels seen in this place.
 G = Mean time per level.
                   A        B        C        D        E       F      G
               +--------+--------+--------+--------+--------+-----+--------+
         Total |   4805 |   4502 |    303 |    617 |   2509 |  10 |  480.5 |
       Dungeon |   4605 |   4310 |    295 |    617 |   2509 |   8 |  575.6 |
        Temple |     13 |      6 |      7 |      0 |      0 |   1 |   13.0 |
       Ossuary |    186 |    186 |      0 |      0 |      0 |   1 |  186.0 |
               +--------+--------+--------+--------+--------+-----+--------+

Top non-repeatable levels by time:
     D:2: 1187 daAuts
     D:4: 838 daAuts
     D:1: 690 daAuts
     D:6: 656 daAuts
     D:3: 571 daAuts
     D:5: 319 daAuts
     D:7: 316 daAuts
 Ossuary: 186 daAuts
     D:8: 25 daAuts
  Temple: 13 daAuts
